 Dungeon Crawl Stone Soup version 0.28-a0-1387-g3a22ab9bdc (webtiles) character file.

Game seed: 919128211644871287

10872 bande the Cleaver (level 11, -1/68 HPs)
             Began as a Gargoyle Fighter on Jan 2, 2022.
             Was the Champion of Okawaru.
             Slain by Snorg (9 damage)
             ... on level 10 of the Dungeon.
             The game lasted 00:27:18 (13492 turns).

bande the Cleaver (Gargoyle Fighter)               Turns: 13492, Time: 00:27:19

Health: -1/68      AC: 31    Str: 21    XL:     11   Next: 68%
Magic:  16/16      EV: 10    Int: 13    God:    Okawaru [******]
Gold:   585        SH:  5    Dex: 13    Spells: 10/10 levels left

rFire   + . .      SeeInvis .   D - +8 war axe "Duapes" {freeze, +Blink rF+ rC- Int+7}
rCold   x . .      Faith    .   c - +0 buckler
rNeg    + . .      Spirit   .   b - +0 plate armour
rPois   ∞          Reflect  .   x - +2 helmet
rElec   +          Harm     .   n - +0 cloak
rCorr   .          Rampage  .   (no gloves)
Will    .....                   p - +0 pair of boots
Stlth   ..........              (no amulet)
HPRegen 0.21/turn               h - +4 ring of protection
MPRegen 0.15/turn               q - +4 ring of evasion

@: mighty
A: sickness immunity, AC +8, negative energy resistance 1, electricity
resistance, torment resistance 1, petrification resistance, dopey 1
a: Renounce Religion, Evoke Blink, Heroism, Finesse, Duel


You were on level 10 of the Dungeon.
You worshipped Okawaru.
Okawaru was exalted by your worship.
You visited 2 branches of the dungeon, and saw 11 of its levels.
You also visited: Sewer.

You collected 585 gold pieces.

Inventory:

Hand Weapons
 a - a +1 war axe of protection
 D - the +8 war axe "Duapes" (weapon) {freeze, +Blink rF+ rC- Int+7}
   (You found it on level 9 of the Dungeon)

   It freezes those it strikes, dealing additional cold damage.
   It can also slow down cold-blooded creatures.
   Int:       It affects your intelligence (+7).
   rF:        It protects you from fire.
   rC:        It makes you vulnerable to cold.
   +Blink:    It lets you blink.
 F - a +1 morningstar
Armour
 b - a +0 plate armour (worn)
 c - a +0 buckler (worn)
 n - a +0 cloak (worn)
 p - a +0 pair of boots (worn)
 x - a +2 helmet (worn)
Jewellery
 f - a ring of fire
 h - a +4 ring of protection (left hand)
 k - a ring of see invisible
 l - a ring of protection from cold
 q - a +4 ring of evasion (right hand)
 s - a ring of protection from cold
 y - a ring of ice
 z - a ring of wizardry
Wands
 g - a wand of acid (14)
 m - a wand of polymorph (15)
Scrolls
 j - 5 scrolls of teleportation
 o - 2 scrolls of fog
 r - 2 scrolls of blinking
 v - 3 scrolls of identify
 A - a scroll of amnesia
 C - a scroll of magic mapping
Potions
 d - 2 potions of might
 e - 3 potions of curing
 i - 4 potions of heal wounds
 t - 3 potions of magic
 u - 2 potions of resistance
 w - 2 potions of brilliance
Miscellaneous
 B - a phantom mirror


   Skills:
 + Level 7.8 Fighting
 + Level 11.1 Axes
 + Level 7.8 Armour
 + Level 6.7 Shields
 * Level 6.8 Invocations
 * Level 5.4 Evocations


You had 10 spell levels left.
You didn't know any spells.
Your spell library contained the following spells:

 Spells                   Type           Power      Damage    Failure   Level
 Magic Dart               Conj           0%         1d3       99%         1
 Ensorcelled Hibernation  Hex/Ice        0%         N/A       100%        2
 Spider Form              Tmut/Pois      0%         N/A       100%        3
 Fireball                 Conj/Fire      0%         3d3       100%        5
 Iskenderun's Battlesphe  Conj           0%         2d6       100%        5
 Conjure Ball Lightning   Conj/Air       0%         3x3d6     100%        6
 Orb of Destruction       Conj           0%         N/A       100%        7


Dungeon Overview and Level Annotations

Branches:
Dungeon (10/15)            Temple (1/1) D:5            Lair (0/6) D:10
    Orc (0/2) D:10          Sewer (visited)

Altars:
Ashenzari
Cheibriados
Dithmenos
Elyvilon
Fedhas
Gozag
Hepliaklqana
Kikubaaqudgha
Makhleb
Nemelex Xobeh
Okawaru
Qazlal
Ru
Sif Muna
Trog
Uskayaw
Vehumet
Wu Jian
Xom
Yredelemnul
Zin
The Shining One

Shops:
D:7 :

Annotations:
D:10 Snorg


Innate Abilities, Weirdness & Mutations

You are immune to sickness and miasma.
Your stone body is resilient. (AC +8)
You are immune to poison.
You resist negative energy. (rN+)
You are resistant to electric shocks. (rElec)
You are resistant to unholy torment.
You are immune to petrification.
You are dopey. (Int -2)


Message History

Snorg the Insatiable comes into view.
Snorg shouts!
Snorg is nearby!
A centaur zombie comes into view.
Snorg goes berserk!
You barely miss Snorg. Snorg bites you! Snorg claws you!
Snorg claws you but does no damage. Snorg bites you but does no damage.
Snorg claws you but does no damage. You block Snorg's attack.
You slash Snorg! You freeze Snorg.
Snorg is lightly wounded.
Snorg bites you but does no damage. Snorg barely misses you.
Snorg closely misses you.
You slice Snorg!! You freeze Snorg.
Snorg is moderately wounded.
You block Snorg's attack. x2; Snorg claws you but does no damage.
Snorg barely misses you. Snorg claws you but does no damage.
You block Snorg's attack.
You slash Snorg! You freeze Snorg!
Snorg is heavily wounded.
You barely miss the centaur zombie. The centaur zombie misses you.
The centaur zombie kicks you but does no damage.
Snorg barely misses you. Snorg claws you! x2
The centaur zombie hits you but does no damage.
The centaur zombie kicks you but does no damage.
You feel very mighty all of a sudden. Snorg bites you. Snorg barely misses you.
Snorg claws you but does no damage.
You block the centaur zombie's attack. x2
You slice Snorg!! You freeze Snorg!
Snorg is severely wounded.
You slash the centaur zombie! You freeze the centaur zombie.
You block Snorg's attack. Snorg closely misses you.
Snorg claws you but does no damage.
The centaur zombie hits you but does no damage.
The centaur zombie kicks you but does no damage.
Snorg bites you!
* * * LOW HITPOINT WARNING * * *
Snorg claws you.
* * * LOW HITPOINT WARNING * * *
Snorg claws you!
You die...

## # .. # ## #.# #
#.. .. ## #.# #.#
.### #.# .. ..)# #.#
#.## .#÷# #.# #ZT# ..
##.###.# #@###.#
#÷....# #..##.#
#.###.##### ##.##.#
#.#....##(# #..#.#
#.........#######.#.#
#....†....#.........#
#.....#.....######..#
#....#....#.#
#).######
##..........#
#..)....#


You could see Snorg (berserk) and a centaur zombie.

Vanquished Creatures
  2 two-headed ogres
  3 death yaks (D:10)
  5 slime creatures
  A vampire (D:9)
  A shadow (D:9)
  14 yaks (D:9)
  A wyvern (D:8)
  A steam dragon (D:8)
  3 water moccasins (D:8)
  An acid dragon (D:9)
  6 orc warriors
  2 ice beasts (D:5)
  A sky beast (D:6)
  Pargi (Sewer)
  2 black bears
  6 ogres
  2 centaurs
  A phantom (D:5)
  2 kobold brigands (D:7)
  2 bullfrogs
  A wyvern zombie (D:7)
  A scorpion (D:7)
  A gnoll sergeant (D:9)
  An electric eel (D:9)
  13 wights
  A centaur zombie (D:9)
  A jelly (D:5)
  5 orc priests
  3 centaur skeletons
  5 hounds
  A bullfrog skeleton (D:6)
  2 iguanas (D:6)
  13 orc wizards
  2 hell rats (D:10)
  A killer bee zombie (D:7)
  3 howler monkey zombies
  5 gnolls (D:9)
  7 adders
  A howler monkey skeleton (D:7)
  A river rat (D:10)
  A shadow imp (D:8)
  A white imp (D:7)
  58 orcs
  8 endoplasms
  3 giant cockroaches
  8 goblins
  5 hobgoblins
  12 jackals
  2 quokkas
  10 ball pythons
  4 bats
  9 frilled lizards
  17 kobolds
  8 rats
271 creatures vanquished.

Vanquished Creatures (others)
  A wizard (D:7)
  An orc wizard (D:8)
  A fungus (D:3)
3 creatures vanquished.

Grand Total: 274 creatures vanquished

Notes
Turn   | Place    | Note
-------+----------+-------------------------------------------
     0 | D:1      | bande the Gargoyle Fighter began the quest for the Orb.
     0 | D:1      | Reached XP level 1. HP: 14/14 MP: 1/1
   130 | D:1      | Reached XP level 2. HP: 17/19 MP: 2/2
   303 | D:1      | Reached skill level 2 in Axes
   903 | D:1      | Reached XP level 3. HP: 21/23 MP: 3/3
  1355 | D:2      | Found an ancient bone altar of Kikubaaqudgha.
  2014 | D:2      | Reached XP level 4. HP: 26/29 MP: 4/4
  2769 | D:3      | Reached skill level 3 in Axes
  2880 | D:3      | Reached XP level 5. HP: 33/33 MP: 5/5
  3052 | D:3      | Found a faded altar of an unknown god.
  3056 | D:3      | Got Plato's Disquisition on Attacks
  3176 | D:4      | Noticed an ogre
  3187 | D:4      | Reached skill level 4 in Axes
  3187 | D:4      | Reached XP level 6. HP: 38/38 MP: 6/6
  3253 | D:4      | Found a glowing drain.
  3277 | Sewer    | Entered a sewer
  3367 | Sewer    | Noticed Pargi
  3377 | Sewer    | Killed Pargi
  3504 | D:4      | Reached XP level 7. HP: 43/43 MP: 7/7
  3521 | D:4      | Reached skill level 5 in Axes
  4069 | D:5      | Entered Level 5 of the Dungeon
  4092 | D:5      | Reached skill level 5 in Shields
  4100 | D:5      | Reached skill level 5 in Armour
  4105 | D:5      | Reached skill level 6 in Axes
  4105 | D:5      | Reached XP level 8. HP: 18/48 MP: 8/8
  4557 | D:5      | Found a staircase to the Ecumenical Temple.
  4565 | Temple   | Entered the Ecumenical Temple
  4620 | Temple   | Became a worshipper of Warmaster Okawaru
  5227 | D:5      | Reached skill level 1 in Invocations
  5326 | D:5      | Found a radiant altar of Vehumet.
  5344 | D:5      | Found an ancient bone altar of Kikubaaqudgha.
  5353 | D:5      | Reached skill level 5 in Fighting
  5360 | D:5      | Found a shimmering blue altar of Sif Muna.
  5364 | D:5      | Reached skill level 1 in Evocations
  5503 | D:5      | Reached skill level 7 in Axes
  5596 | D:5      | Reached * piety under Okawaru
  5872 | D:6      | Reached XP level 9. HP: 54/54 MP: 9/11
  6397 | D:7      | Reached ** piety under Okawaru
  6652 | D:7      | Found a bloodstained altar of Trog.
  6657 | D:7      | Noticed a wizard
  6661 | D:7      | Killed a wizard
  6717 | D:7      | Found Etiopnef's Book Shoppe.
  6862 | D:7      | Reached skill level 8 in Axes
  7894 | D:8      | Reached *** piety under Okawaru
  7895 | D:8      | Reached skill level 9 in Axes
  7895 | D:8      | Reached XP level 10. HP: 45/60 MP: 13/13
  9360 | D:8      | Noticed a two-headed ogre
  9379 | D:8      | Killed a two-headed ogre
  9379 | D:8      | Reached **** piety under Okawaru
  9380 | D:8      | Reached skill level 5 in Invocations
  9809 | D:8      | Found a burning altar of Makhleb.
  9809 | D:8      | Noticed a balrug
 10045 | D:8      | Found a hazy altar of Hepliaklqana.
 10046 | D:8      | Found a shimmering altar of Xom.
 10047 | D:8      | Noticed a spectral ugly thing
 10827 | D:9      | Gained mutation: You are dopey. (Int -2) [potion of
                  | mutation]
 11071 | D:9      | Identified the +8 war axe "Duapes" {freeze, +Blink rF+ rC-
                  | Int+7}
 11750 | D:9      | Reached ***** piety under Okawaru
 11751 | D:9      | Reached skill level 10 in Axes
 11754 | D:9      | Reached XP level 11. HP: 40/67 MP: 15/15
 12475 | D:9      | Found a glowing golden altar of the Shining One.
 12606 | D:9      | Identified the +10 dagger "Ickec" {flame, Dex+4}
 12752 | D:10     | Entered Level 10 of the Dungeon
 12897 | D:10     | Found a staircase to the Orcish Mines.
 12948 | D:10     | Reached skill level 5 in Evocations
 12975 | D:10     | Found a staircase to the Lair.
 12975 | D:10     | Noticed a death yak
 12976 | D:10     | Noticed a death yak
 13008 | D:10     | Killed a death yak
 13097 | D:10     | Noticed a death yak
 13111 | D:10     | Noticed a two-headed ogre
 13121 | D:10     | Killed a death yak
 13126 | D:10     | Killed a death yak
 13126 | D:10     | Reached ****** piety under Okawaru
 13126 | D:10     | Received a gift from Okawaru
 13127 | D:10     | Reached skill level 11 in Axes
 13148 | D:10     | Killed a two-headed ogre
 13483 | D:10     | Noticed Snorg
 13492 | D:10     | Slain by Snorg

Illustrated notes

Levels and vault maps discovered:
D:1:      psy_arrival_radial02, layout_basic, roderic_lattice_a
D:2:      layout_basic, basic_altar
D:3:      layout_loops_ring, shapermc_ecumenical_altar_rom_forum,
          kennysheep_generic_room_4
D:4:      layout_loops_ring, portal_sewer_entry_d, dk_vineyard_3
D:5:      layout_gridville, palyth_temple_overflow_mages,
          minmay_temple_entry_overgrown, grunt_tough_drop
D:6:      layout_rooms, minmay_fountain_box
D:7:      layout_loops_corners, trog_wizard, serial_shops, shop_fountains,
          chequers_arboretum
D:8:      layout_rooms, makhleb_altar_promises_db,
          regret_index_temple_of_mockery
D:9:      argonaut_augean_stables, layout_loops_corners,
          nicolae_tso_swordbearing_angel
D:10:     layout_basic, dpeg_lair_monsters, hiddenorc2_lemuel, uniq_snorg
Temple:   zaba_magenta_temple

Skill      XL: |  1  2  3  4  5  6  7  8  9 10 11 |
---------------+----------------------------------+-----
Axes           | 2 3 4 6 7 9 10 11 | 11.1
Armour         | 4 5 6 7 |  7.8
Fighting       | 4 5 6 7 |  7.8
Shields        | 4 5 6 |  6.7
Invocations    | 2 4 5 6 |  6.8
Evocations     | 1 3 4 5 |  5.4

Action                   |  1- 3 |  4- 6 |  7- 9 | 10-12 || total
-------------------------+-------+-------+-------+-------++-------
Melee: War axe           |   123 |   140 |   341 |   333 ||   937
  Use: Scroll            |     1 |     6 |    13 |     3 ||    23
       Potion            |       |       |       |     3 ||     3
Armor: Scale mail        |    72 |    81 |   226 |     4 ||   383
       Plate armour      |       |       |       |   200 ||   200
       Chain mail        |       |       |       |    36 ||    36
Dodge: Dodged            |    77 |   110 |   265 |   131 ||   583
Block: Buckler           |    37 |    42 |    65 |    85 ||   229

Table legend: (Time is in decaauts)
 A = Elapsed time spent in this place.
 B = Non-inter-level travel time spent in this place.
 C = Inter-level travel time spent in this place.
 D = Time resting spent in this place.
 E = Time spent auto-exploring this place.
 F = Levels seen in this place.
 G = Mean time per level.
                   A        B        C        D        E       F      G
               +--------+--------+--------+--------+--------+-----+--------+
         Total |  13702 |  13388 |    314 |   4157 |   6646 |  12 | 1141.8 |
       Dungeon |  13397 |  13083 |    314 |   4157 |   6468 |  10 | 1339.7 |
        Temple |     75 |     75 |      0 |      0 |     41 |   1 |   75.0 |
         Sewer |    229 |    229 |      0 |      0 |    137 |   1 |  229.0 |
               +--------+--------+--------+--------+--------+-----+--------+

Top non-repeatable levels by time:
     D:8: 2544 daAuts
     D:7: 1953 daAuts
     D:9: 1932 daAuts
     D:5: 1409 daAuts
     D:1: 1188 daAuts
     D:4: 1125 daAuts
     D:3: 1031 daAuts
     D:2: 981 daAuts
    D:10: 736 daAuts
     D:6: 494 daAuts
   Sewer: 229 daAuts
  Temple: 75 daAuts
